Map: Bel'Shir Vestige LE (Void)

Players

Railgan

  • Race: Zerg Zerg
  • League: Grandmaster
  • Spawn Location: 11:00

BudMadeWiser - Winner!

  • Race: Terran Terran
  • League: Master
  • Spawn Location: 5:00

VOD

Have the link to the VOD?

Description

Time

  • Played on: March 10, 2017, 11:10 a.m.
  • Length: 10:57
Show
View Real Time Build Order
Export as new Build Order

Railgan Zerg 

Build Orders: Pool First 

Get SALT Encoding   

  12  0:01  Drone  
  13  0:12  Overlord  
  13  0:17  Drone  
  14  0:30  Drone x2  
  14  0:34  Drone  
  17  0:45  Drone  
  17  0:49  Spawning Pool  
  17  0:55  Drone  
  18  1:12  Extractor, Hatchery  
  18  1:15  Drone  
  17  1:18  Drone  
  18  1:35  Queen  
  18  1:38  Roach Warren  
  19  1:40  Zergling x2  
  19  1:45  Drone  
  21  1:49  Drone  
  22  1:59  Overlord  
  22  2:17  Queen  
  26  2:23  Roach x2  
  26  2:24  Roach  
  26  2:27  Queen  
  32  2:40  Drone  
  32  2:44  Overlord  
  32  2:45  Drone  
  32  2:46  Drone  
  32  2:50  Drone  
  35  2:56  Lair  
  35  3:02  Extractor, Drone  
  35  3:05  Drone  
  36  3:07  Drone  
  36  3:11  Drone  
  38  3:14  Drone x2  
  38  3:17  Drone  
  41  3:20  Drone  
  41  3:22  Drone  
  43  3:31  Overlord  
  42  3:34  Drone x2  
  42  3:38  Drone  
  44  3:44  Overlord  
  44  3:49  Drone  
  44  3:50  Drone x5  
  50  4:01  Extractor, Drone  
  50  4:03  Spire  
  50  4:04  Drone  
  50  4:07  Extractor  
  50  4:08  Overseer  
  49  4:11  Overlord  
  49  4:13  Drone  
  49  4:14  Drone  
  51  4:18  Drone, Overlord  
  52  4:25  Glial Reconstitution  
  52  4:27  Drone  
  53  4:33  Roach  
  53  4:37  Roach x2  
  59  4:44  Drone  
  59  4:45  Overlord  
  60  4:46  Overlord  
  60  4:49  Drone  
  61  5:02  Hatchery  
  60  5:09  Roach x6  
  60  5:12  Overlord  
  74  5:14  Roach  
  74  5:28  Overlord  
  74  5:34  Corruptor x3  
  80  5:38  Roach  
  80  5:40  Corruptor  
  84  5:43  Zerg Flyer Weapons Level 1  
  84  5:46  Roach  
  88  5:50  Roach x2  
  88  5:51  Drone  
  88  5:52  Drone  
  92  6:07  Evolution Chamber x2  
  92  6:08  Roach  
  92  6:09  Roach x3  
  98  6:21  Roach x3  
  104  6:28  Roach  
  104  6:29  Roach x4  
  114  6:33  Overlord  
  114  6:36  Overlord  
  114  6:42  Overlord  
  114  6:46  Overlord  
  110  6:47  Roach  
  110  6:51  Ravager  
  110  6:52  Ravager x2  
  111  6:54  Ravager  
  111  6:55  Roach x3  
  111  6:57  Roach  
  120  7:07  Roach  
  118  7:14  Ravager  
  117  7:21  Roach x6  
  103  7:23  Roach  
  103  7:28  Roach  
  103  7:29  Roach, Queen  
  95  7:32  Roach  
  99  7:40  Drone x3  
  99  7:43  Drone  
  99  7:44  Drone x5  
  108  7:46  Drone  
  108  7:50  Zerg Missile Weapons Level 1  
  89  8:07  Roach  
  89  8:08  Roach x4  
  77  8:15  Roach  
  77  8:16  Roach x6  
  89  8:24  Zerg Ground Armor Level 1  
  89  8:25  Roach  
  89  8:26  Roach  
  93  8:29  Roach  
  95  8:37  Roach x2  
  97  8:45  Roach x2  
  95  8:49  Roach x5  
  95  8:50  Overlord  
  95  8:51  Roach  
  95  8:52  Extractor  
  95  8:55  Roach  
  106  9:00  Queen x3  
  98  9:12  Ravager  
  98  9:15  Roach x8  
  96  9:20  Ravager  
  96  9:26  Roach x3  
  90  9:36  Roach x2  
  92  9:42  Roach x5  
  85  9:55  Roach x2  
  85  9:57  Roach x5  
  95  10:03  Roach x3, Queen  
  95  10:05  Roach  
  95  10:11  Roach  
  95  10:14  Roach x3  
  94  10:20  Roach x2  
  91  10:27  Roach x3  
  95  10:33  Roach x2  
  83  10:38  Roach  
Show
View Real Time Build Order
Export as new Build Order

BudMadeWiser Terran - Winner!

Build Orders: Reaper Expand, MMM Bio 

Get SALT Encoding   

  12  0:00  SCV  
  13  0:12  SCV  
  14  0:18  Supply Depot  
  14  0:25  SCV  
  15  0:39  SCV  
  15  0:40  Barracks  
  16  0:43  Refinery  
  16  0:52  SCV  
  17  1:04  SCV  
  18  1:16  SCV  
  19  1:27  Reaper  
  19  1:28  Orbital Command  
  20  1:39  Command Center  
  20  1:50  Barracks  
  20  1:54  SCV  
  21  1:59  Barracks Reactor  
  21  2:03  Supply Depot  
  21  2:07  SCV  
  22  2:11  Refinery  
  22  2:19  SCV  
  23  2:26  Factory  
  23  2:32  SCV  
  24  2:37  Marine x2  
  24  2:40  Barracks Tech Lab  
  26  2:44  SCV  
  27  2:51  Orbital Command  
  27  2:55  Marine x2  
  29  3:00  Stimpack  
  29  3:05  Marauder  
  31  3:08  SCV  
  32  3:15  Marine  
  32  3:16  Marine  
  34  3:23  Starport  
  34  3:26  SCV  
  34  3:35  Marine  
  34  3:36  Marine, Marauder  
  34  3:37  SCV  
  34  3:38  Factory Reactor  
  34  3:41  SCV  
  40  3:50  Supply Depot, SCV  
  40  3:54  Marine x2  
  43  3:57  SCV  
  44  4:03  SCV  
  44  4:06  Marine  
  44  4:07  Supply Depot  
  46  4:12  SCV  
  46  4:15  SCV  
  48  4:17  Marine  
  48  4:18  Marine  
  48  4:19  Medivac x2  
  54  4:24  Supply Depot  
  54  4:28  Marine  
  54  4:30  Supply Depot  
  55  4:38  SCV x2  
  57  4:40  Marine x2  
  57  4:41  Engineering Bay  
  57  4:43  Factory Tech Lab  
  59  4:50  Marauder  
  61  4:59  SCV x2  
  63  5:00  Marine  
  64  5:08  Siege Tank, Marine  
  64  5:10  Terran Infantry Weapons Level 1  
  64  5:11  SCV  
  64  5:12  Marauder  
  70  5:18  Barracks, Supply Depot x2, SCV  
  70  5:19  Marine  
  72  5:23  SCV  
  72  5:25  Missile Turret x2  
  73  5:28  Marine  
  73  5:31  Missile Turret  
  73  5:34  Refinery  
  73  5:35  Marine  
  76  5:36  Refinery  
  76  5:38  Marine  
  79  5:42  Siege Tank  
  79  5:47  Marine  
  80  5:52  SCV  
  80  5:53  Marine, SCV  
  80  5:56  Supply Depot  
  83  5:58  Marine, Supply Depot  
  84  6:05  Medivac  
  84  6:08  Combat Shields  
  84  6:09  Barracks Tech Lab  
  86  6:11  Marine  
  86  6:12  Marine  
  86  6:17  Medivac  
  90  6:23  Marine  
  92  6:31  Marine x2  
  92  6:32  Marine  
  94  6:41  Command Center  
  92  6:51  Marine x2, Marauder  
  92  6:52  Concussive Shells  
  96  6:54  Medivac  
  96  6:55  Medivac  
  96  6:56  SCV x2  
  96  6:59  Marauder  
  100  7:12  Marine x2  
  100  7:13  Marauder  
  104  7:21  Marauder  
  82  7:30  Siege Tank, SCV x2, Marine x2  
  82  7:36  Barracks x2  
  86  7:40  Marauder  
  88  7:48  SCV x2  
  88  7:49  Terran Infantry Armor Level 1  
  90  7:55  Marine x2  
  90  7:56  Marauder  
  78  8:13  Marine, Marauder  
  78  8:14  SCV x2  
  78  8:15  Marine  
  82  8:23  Barracks Reactor, Barracks Tech Lab  
  82  8:26  SCV x2  
  84  8:29  Siege Tank  
  84  8:30  Marauder  
  84  8:34  Medivac x2  
  93  8:45  Marine x2  
  93  8:46  Marauder x2, SCV  
  93  8:47  SCV  
  101  8:54  Engineering Bay  
  100  8:55  Armory  
  100  8:59  Marine, Marauder  
  102  9:03  Marine  
  102  9:04  Marine  
  102  9:07  Marauder  
  105  9:11  Marine  
  105  9:12  Marauder  
  105  9:17  Marine  
  102  9:19  Siege Tank  
  102  9:20  SCV x2  
  102  9:21  Marine, Marauder  
  108  9:26  Orbital Command  
  98  9:35  Marine x3  
  98  9:36  Marauder x2  
  98  9:38  SCV  
  104  9:39  Marine  
  99  9:54  Marine x2, Marauder  
  99  9:55  Marine, Siege Tank  
  99  9:56  Marine  
  105  10:02  Medivac x2  
  105  10:03  Marine  
  105  10:04  Marauder  
  111  10:11  Marine  
  111  10:12  Marine  
  109  10:15  Marauder  
  111  10:25  Marine x2  
  111  10:26  Marauder  
  113  10:32  Marine x2  
  113  10:33  Marauder, SCV x2  
  113  10:34  Command Center  
Tags
 
Add a new tag
Caveats
  • Supply blocks, unpowered buildings, or Contaminate may cause inaccurate times.
  • Supply counts are checked every 10 seconds.